[ AOE2 MATCH · #506190535 ]
UnrankedVikings vs Goths
Player's team · WIN
Rival team · LOSS
[ REPLAY ANALYSIS · EXTRACTED FROM THE RECORDED GAME ]
Feudal
11:08
Castle
—
Imperial
—
| APM avg | 62.5 |
| APM peak | 89 |
| eAPM avg | 22.7 |
| Villagers / military | 37 / 16 |
Focus
⚔️ 37.2% · 🌾 62.8%
Archer ×10 · Militia ×6
Feudal
10:06
Castle
—
Imperial
—
| APM avg | 75.9 |
| APM peak | 124 |
| eAPM avg | 24.5 |
| Villagers / military | 37 / 18 |
Focus
⚔️ 30.7% · 🌾 69.3%
Militia ×10 · Skirmisher ×6 · Archer ×2
Match map
Initial resources + every placement click. Lines = walls · curves = elevation contours. ◆ gold · ⬟ stone · ● berries · ✦ relic · ◌ wall gap
Your base· Open — 4t gap
CNZS_MING's base· Open — unwalled flank
Smoothed initial terrain · ◌ = detected wall gap · hover for details
Inputs per minute
— CNZS_98T - - CNZS_MING
Build order — CNZS_98T
97 actions detected in the replay
| 0:01 | Create | Villager (Male) |
| 0:02 | Create | Villager (Male) |
| 0:02 | Create | Villager (Male) |
| 0:02 | Create | Villager (Male) |
| 0:02 | Create | Villager (Male) |
| 0:04 | Build | House |
| 0:05 | Build | House |
| 1:29 | Create | Villager (Male) |
| 1:53 | Create | Villager (Male) |
| 2:02 | Build | Lumber Camp |
| 2:16 | Create | Villager (Male) |
| 2:47 | Create | Villager (Male) |
| 3:04 | Create | Villager (Male) |
| 3:39 | Create | Villager (Male) |
| 3:52 | Build | House |
| 4:06 | Create | Villager (Male) |
| 4:29 | Create | Villager (Male) |
| 4:44 | Build | Barracks |
| 4:48 | Create | Villager (Male) |
| 5:17 | Create | Villager (Male) |
| 5:32 | Build | House |
| 5:47 | Create | Militia |
| 5:52 | Create | Villager (Male) |
| 6:02 | Create | Militia |
| 6:08 | Build | House |
| 6:12 | Create | Villager (Male) |
| 6:30 | Create | Villager (Male) |
| 6:34 | Create | Militia |
| 6:47 | Build | Palisade Wall |
| 6:55 | Create | Villager (Male) |
| 7:23 | Create | Villager (Male) |
| 7:42 | Research | Loom |
| 7:46 | Build | Mill |
| 8:29 | Create | Villager (Male) |
| 8:54 | Build | Mining Camp |
| 8:58 | Research | Feudal Age |
| 9:29 | Build | Palisade Wall |
| 9:30 | Build | Palisade Wall |
| 9:38 | Build | House |
| 9:39 | Build | Palisade Wall |
| 9:49 | Create | Militia |
| 10:03 | Build | Farm |
| 10:08 | Build | Farm |
| 10:19 | Create | Militia |
| 10:45 | Create | Militia |
| 11:03 | Create | Villager (Male) |
| 11:08 | Age | Feudal Age |
| 11:12 | Research | Man-at-Arms (upgrade) |
| 11:13 | Create | Villager (Male) |
| 11:15 | Build | Archery Range |
| 11:22 | Build | Farm |
| 11:39 | Create | Villager (Male) |
| 11:59 | Create | Archer |
| 12:06 | Create | Villager (Male) |
| 12:15 | Build | Farm |
| 12:29 | Research | Double-Bit Axe |
| 12:38 | Build | Farm |
| 12:51 | Create | Villager (Male) |
| 12:57 | Create | Archer |
| 13:10 | Build | House |
| 13:12 | Create | Archer |
| 13:14 | Create | Villager (Male) |
| 13:37 | Build | House |
| 13:39 | Create | Archer |
| 13:40 | Create | Villager (Male) |
| 13:42 | Build | Farm |
| 14:07 | Create | Villager (Male) |
| 14:08 | Create | Archer |
| 14:15 | Build | House |
| 14:19 | Create | Archer |
| 14:20 | Create | Villager (Male) |
| 14:44 | Build | Blacksmith |
| 14:47 | Create | Archer |
| 15:10 | Create | Villager (Male) |
| 15:12 | Build | House |
| 15:21 | Create | Villager (Male) |
| 15:28 | Build | Farm |
| 15:29 | Create | Villager (Male) |
| 15:30 | Build | House |
| 15:32 | Build | House |
| 15:37 | Research | Fletching |
| 15:37 | Research | Fletching |
| 15:43 | Build | Farm |
| 15:43 | Create | Villager (Male) |
| 15:45 | Build | Archery Range |
| 15:58 | Build | House |
| 16:04 | Research | Padded Archer Armor |
| 16:04 | Research | Padded Archer Armor |
| 16:06 | Create | Archer |
| 16:09 | Create | Villager (Male) |
| 16:17 | Create | Villager (Male) |
| 16:19 | Build | Farm |
| 16:25 | Create | Archer |
| 16:27 | Build | House |
| 16:42 | Create | Villager (Male) |
| 16:44 | Create | Archer |
| 16:48 | Build | Farm |
Build order — CNZS_MING
111 actions detected in the replay
| 0:00 | Create | Villager (Male) |
| 0:00 | Create | Villager (Male) |
| 0:00 | Create | Villager (Male) |
| 0:02 | Build | House |
| 0:03 | Build | House |
| 0:14 | Create | Villager (Male) |
| 1:27 | Create | Villager (Male) |
| 1:57 | Build | Lumber Camp |
| 2:04 | Create | Villager (Male) |
| 2:16 | Create | Villager (Male) |
| 2:40 | Create | Villager (Male) |
| 2:41 | Create | Villager (Male) |
| 3:00 | Create | Villager (Male) |
| 3:33 | Create | Villager (Male) |
| 3:54 | Create | Villager (Male) |
| 4:01 | Build | House |
| 4:07 | Build | Mill |
| 4:35 | Create | Villager (Male) |
| 4:51 | Create | Villager (Male) |
| 5:13 | Create | Villager (Male) |
| 5:20 | Build | House |
| 5:29 | Research | Loom |
| 5:29 | Research | Loom |
| 5:33 | Create | Villager (Male) |
| 5:50 | Create | Villager (Male) |
| 6:10 | Create | Villager (Male) |
| 6:20 | Build | Barracks |
| 7:01 | Create | Villager (Male) |
| 7:25 | Build | Palisade Wall |
| 7:28 | Create | Villager (Male) |
| 7:54 | Research | Feudal Age |
| 7:55 | Create | Militia |
| 8:22 | Build | Palisade Wall |
| 8:33 | Create | Militia |
| 8:33 | Create | Militia |
| 8:46 | Build | Mining Camp |
| 9:20 | Create | Militia |
| 9:54 | Build | House |
| 10:06 | Age | Feudal Age |
| 10:06 | Build | House |
| 10:08 | Create | Villager (Male) |
| 10:12 | Research | Man-at-Arms (upgrade) |
| 10:22 | Research | Double-Bit Axe |
| 10:27 | Create | Militia |
| 10:32 | Create | Villager (Male) |
| 10:37 | Build | Mill |
| 10:55 | Create | Villager (Male) |
| 10:56 | Build | Archery Range |
| 11:02 | Create | Militia |
| 11:16 | Build | Palisade Wall |
| 11:17 | Build | Palisade Wall |
| 11:20 | Create | Militia |
| 11:23 | Create | Villager (Male) |
| 11:35 | Create | Militia |
| 11:39 | Build | Palisade Wall |
| 11:39 | Build | Palisade Wall |
| 11:43 | Build | Palisade Wall |
| 11:45 | Build | Palisade Wall |
| 11:45 | Build | Palisade Wall |
| 11:47 | Create | Militia |
| 11:48 | Build | Palisade Wall |
| 11:49 | Build | Palisade Wall |
| 11:50 | Create | Villager (Male) |
| 11:50 | Create | Villager (Male) |
| 12:09 | Build | Palisade Wall |
| 12:10 | Build | Palisade Wall |
| 12:12 | Build | Palisade Wall |
| 12:16 | Create | Militia |
| 12:18 | Build | Farm |
| 12:19 | Build | Farm |
| 12:32 | Build | Farm |
| 12:44 | Create | Villager (Male) |
| 12:50 | Build | Farm |
| 12:52 | Build | Farm |
| 13:15 | Build | Farm |
| 13:17 | Build | Farm |
| 13:23 | Create | Villager (Male) |
| 13:29 | Build | House |
| 13:36 | Build | House |
| 13:39 | Research | Town Watch |
| 13:47 | Create | Skirmisher |
| 14:07 | Create | Villager (Male) |
| 14:11 | Create | Skirmisher |
| 14:12 | Build | House |
| 14:26 | Build | Palisade Gate |
| 14:30 | Build | House |
| 14:40 | Create | Skirmisher |
| 14:43 | Build | Blacksmith |
| 14:43 | Create | Villager (Male) |
| 14:52 | Build | Farm |
| 14:57 | Create | Skirmisher |
| 15:05 | Create | Villager (Male) |
| 15:13 | Create | Skirmisher |
| 15:17 | Build | Farm |
| 15:20 | Build | House |
| 15:22 | Create | Skirmisher |
| 15:36 | Create | Villager (Male) |
| 15:40 | Build | Farm |
| 15:42 | Create | Archer |
| 15:56 | Create | Villager (Male) |
| 15:58 | Build | Watch Tower |
| 16:02 | Build | House |
| 16:03 | Build | House |
| 16:15 | Build | House |
| 16:17 | Create | Archer |
| 16:17 | Create | Villager (Male) |
| 16:18 | Create | Villager (Male) |
| 16:18 | Create | Villager (Male) |
| 16:22 | Build | House |
| 16:23 | Build | House |
| 16:43 | Create | Villager (Male) |
Match timeline
| 4:44 | CNZS_98T · first_building Barracks |
| 6:20 | CNZS_MING · first_building Barracks |
| 6:47 | CNZS_98T · wall_segment Palisade Wall x17 |
| 7:25 | CNZS_MING · wall_segment Palisade Wall x6 |
| 8:22 | CNZS_MING · wall_segment Palisade Wall x1 |
| 9:29 | CNZS_98T · wall_segment Palisade Wall x9 |
| 9:30 | CNZS_98T · wall_segment Palisade Wall x1 |
| 9:39 | CNZS_98T · wall_segment Palisade Wall x3 |
| 10:06 | CNZS_MING · age_up feudal |
| 10:56 | CNZS_MING · first_building Archery Range |
| 11:08 | CNZS_98T · age_up feudal |
| 11:15 | CNZS_98T · first_building Archery Range |
| 11:16 | CNZS_MING · wall_segment Palisade Wall x1 |
| 11:17 | CNZS_MING · wall_segment Palisade Wall x1 |
| 11:39 | CNZS_MING · wall_segment Palisade Wall x1 |
| 11:39 | CNZS_MING · wall_segment Palisade Wall x1 |
| 11:43 | CNZS_MING · wall_segment Palisade Wall x1 |
| 11:45 | CNZS_MING · wall_segment Palisade Wall x1 |
| 11:45 | CNZS_MING · wall_segment Palisade Wall x1 |
| 11:48 | CNZS_MING · wall_segment Palisade Wall x1 |
| 11:49 | CNZS_MING · wall_segment Palisade Wall x1 |
| 12:09 | CNZS_MING · wall_segment Palisade Wall x1 |
| 12:10 | CNZS_MING · wall_segment Palisade Wall x1 |
| 12:12 | CNZS_MING · wall_segment Palisade Wall x1 |
| 16:59 | CNZS_MING · resign |
[ AI ANALYSIS · 1 CREDIT ]
What really happened in this match?
Wolo.gg analyzes every decision: build order, eco, micro, common mistakes by bracket. Personalized analysis on WhatsApp or Discord in 30 seconds.
Civ guide
Vikings
Perfil
Jugador #25365699